Map: Galactic Process LE

Players

DrD

  • Race: Zerg Zerg

Gracz

  • Race: Zerg Zerg
  • League: Silver

Trunks

  • Race: Protoss Protoss

HAJPER

  • Race: Protoss Protoss

VOD

Have the link to the VOD?

Description

Time

  • Played on: Oct. 7, 2016, 1:26 p.m.
  • Length: 6:34
Show
View Real Time Build Order
Export as new Build Order

DrD Zerg 

Build Orders: Pool First 

Get SALT Encoding   

  12  0:03  Drone  
  13  0:08  Drone  
  14  0:17  Extractor  
  14  0:18  Extractor, Drone  
  13  0:22  Drone  
  16  0:41  Spawning Pool  
  15  0:44  Overlord  
  15  1:03  Drone x3  
  18  1:06  Extractor  
  17  1:24  Hatchery  
  16  1:30  Zergling x4  
  18  1:39  Drone  
  19  1:46  Queen  
  21  1:47  Zergling x2  
  22  2:19  Overlord x2  
  22  2:24  Extractor  
  21  2:30  Zergling x2  
  22  2:42  Zergling x6  
  25  2:54  Drone  
  25  2:55  Queen  
  28  3:16  Zergling x4  
  28  3:18  Metabolic Boost  
  29  3:37  Zergling x4  
  29  3:39  Zergling x4  
  33  4:07  Zergling x6  
  36  4:21  Zergling x2  
  36  4:22  Zergling x10  
  41  4:29  Hatchery  
  41  4:31  Hatchery  
  39  4:48  Drone x5  
  44  4:55  Overlord  
  44  5:37  Zergling x12  
Show
View Real Time Build Order
Export as new Build Order

Gracz Zerg 

Build Orders:  

Get SALT Encoding   

  12  0:12  Probe (Chrono Boost)  
  13  0:20  Pylon  
  13  0:23  Probe (Chrono Boost)  
  14  0:33  Probe (Chrono Boost)  
  15  0:45  Gateway  
  15  0:57  Gateway  
  15  1:03  Probe (Chrono Boost)  
  16  1:14  Probe (Chrono Boost)  
  17  1:25  Probe (Chrono Boost)  
  18  1:27  Assimilator  
  18  1:33  Pylon  
  18  1:35  Assimilator  
  18  1:40  Zealot  
  20  1:55  Probe (Chrono Boost)  
  21  2:05  Pylon, Probe (Chrono Boost)  
  22  2:13  Cybernetics Core  
  22  2:16  Probe (Chrono Boost)  
  22  2:17  Gateway  
  23  2:27  Probe (Chrono Boost)  
  23  2:28  Pylon  
  25  2:37  Probe (Chrono Boost)  
  26  2:49  Probe (Chrono Boost)  
  25  3:03  Zealot  
  25  3:06  Pylon  
  25  3:10  Pylon  
  25  3:12  Pylon  
  25  3:26  Stalker  
  25  3:43  Zealot  
  25  3:44  Pylon  
  26  3:53  Pylon  
  25  4:02  Pylon  
  19  4:21  Pylon  
  17  4:36  Nexus  
  3  4:50  Pylon  
  1  5:23  Cybernetics Core  
  1  6:10  Probe (Chrono Boost)  
Show
View Real Time Build Order
Export as new Build Order

Trunks Protoss 

Build Orders:  

Get SALT Encoding   

Show
View Real Time Build Order
Export as new Build Order

HAJPER Protoss 

Build Orders:  

Get SALT Encoding   

Tags
 
Add a new tag
Caveats
  • Supply blocks, unpowered buildings, or Contaminate may cause inaccurate times.
  • Supply counts are checked every 10 seconds.